[Event "Marienbad Open-B1 2019"]
[Site "Marianske Lazne"]
[Date "2019.01.20"]
[Round "2"]
[White "Gorbatov, Alexej"]
[Black "Florstedt, Johannes"]
[Result "0-1"]
[ECO "B20"]
[WhiteElo "2389"]
[BlackElo "2320"]
[Annotator "ChessBase"]
[PlyCount "66"]
[EventDate "2019.01.17"]
[EventType "tourn"]
[EventCountry "CZE"]
[SourceTitle "playchess.com"]
[Source "ChessBase"]
[SourceQuality "1"]
[TimeControl "40/5400+30:1800+30"]

1. e4 c5 2. d3 Nc6 3. Be3 Nf6 4. Nd2 e6 5. f4 h5 6. Ngf3 d5 7. Be2 d4 8. Bf2 Ng4 9. O-O Qc7 10. g3 Be7 11. h4 Bd7 12. Ng5 f6 13. Nh3 g5 14. hxg5 fxg5 15. c3 O-O-O 16. cxd4 cxd4 17. Kg2 Nxf2 18. Rxf2 Rdg8 19. Bxh5 gxf4 20. Nxf4 Bd6 21. Ng6 Rh6 22. Qg4 Rhxg6 23. Bxg6 Ne5 24. Qd1 Nxg6 25. Rc1 Bc6 26. Qb3 Qe7 27. Nf3 Bxg3 28. Rfc2 Nh4+ 29. Nxh4 Bxh4+ 30. Kh1 Bg3 31. Rg2 Qh4+ 32. Kg1 Bh2+ 33. Kf1 Qf4+ 0-1

[Event "Marienbad Open-B1 2019"]
[Site "Marianske Lazne"]
[Date "2019.01.20"]
[Round "2"]
[White "Jasny, Stanislav"]
[Black "Patil, Mitali"]
[Result "1-0"]
[ECO "D36"]
[WhiteElo "2365"]
[BlackElo "2062"]
[Annotator "ChessBase"]
[PlyCount "59"]
[EventDate "2019.01.17"]
[EventType "tourn"]
[EventCountry "CZE"]
[SourceTitle "playchess.com"]
[Source "ChessBase"]
[SourceQuality "1"]
[TimeControl "40/5400+30:1800+30"]

1. d4 d5 2. c4 e6 3. Nc3 Nf6 4. cxd5 exd5 5. Bg5 c6 6. e3 Be7 7. Bd3 Nbd7 8. Qc2 h6 9. Bf4 Nh5 10. Nf3 Nxf4 11. exf4 b6 12. Ne5 Bb7 13. O-O-O O-O 14. Kb1 Bf6 15. Bf5 Bxe5 16. fxe5 Re8 17. h4 Nf8 18. f4 Ne6 19. Bxe6 fxe6 20. g4 Kf7 21. f5 Bc8 22. f6 g6 23. h5 Rg8 24. g5 Qf8 25. Rdg1 Ba6 26. gxh6 Qxh6 27. hxg6+ Rxg6 28. Rxh6 Rxg1+ 29. Nd1 Rag8 30. Qh7+ 1-0

[Event "Marienbad Open-B1 2019"]
[Site "Marianske Lazne"]
[Date "2019.01.20"]
[Round "2"]
[White "Sernecki, Franciszek"]
[Black "Baum, Jonasz"]
[Result "1/2-1/2"]
[ECO "C01"]
[WhiteElo "2278"]
[BlackElo "2302"]
[Annotator "ChessBase"]
[PlyCount "139"]
[EventDate "2019.01.17"]
[EventType "tourn"]
[EventCountry "CZE"]
[SourceTitle "playchess.com"]
[Source "ChessBase"]
[SourceQuality "1"]
[TimeControl "40/5400+30:1800+30"]

1. c4 e6 2. e4 d5 3. exd5 exd5 4. d4 Nf6 5. Nc3 Be7 6. Nf3 O-O 7. Bd3 dxc4 8. Bxc4 Bg4 9. Be3 Nc6 10. O-O Nb4 11. Rc1 c6 12. Re1 Nbd5 13. Bg5 h6 14. Bh4 Re8 15. Qd3 Nf4 16. Qe3 Bxf3 17. Qxf4 Bh5 18. Re5 Bg6 19. Rce1 Qd7 20. h3 Kh7 21. Qd2 Bd6 22. Bxf6 Bxe5 23. Bxe5 f6 24. Bg3 Rxe1+ 25. Qxe1 Qxd4 26. Bb3 Re8 27. Qd1 c5 28. Bc2 Qxd1+ 29. Bxd1 b5 30. f3 Rd8 31. Be2 a6 32. Bf4 b4 33. Na4 c4 34. Kf2 Bb1 35. a3 Bc2 36. Nc5 c3 37. Bc1 bxa3 38. bxa3 Rb8 39. Bxa6 Rb1 40. Bd3+ Kh8 41. Be3 Bxd3 42. Nxd3 Rb2+ 43. Kf1 Ra2 44. Bc1 Kg8 45. g3 Kf7 46. Ke1 Rg2 47. g4 Rg3 48. Kf2 Rxh3 49. Kg2 Rh4 50. Be3 Ke6 51. Bf2 g5 52. Bxh4 gxh4 53. Kf2 Kd5 54. a4 Kc4 55. Ke2 h3 56. Nf2 Kb3 57. Kf1 Kxa4 58. Kg1 Kb3 59. Kh2 c2 60. Nd3 Kc3 61. Nc1 Kd2 62. Nb3+ Kc3 63. Nc1 Kd2 64. Na2 Ke3 65. Kxh3 Kxf3 66. Nc1 Kf4 67. Ne2+ Kg5 68. Kg3 h5 69. gxh5 Kxh5 70. Kf4 1/2-1/2

[Event "Marienbad Open-B1 2019"]
[Site "Marianske Lazne"]
[Date "2019.01.20"]
[Round "2"]
[White "Voinikonis, Nikita"]
[Black "Mica, Marek"]
[Result "1/2-1/2"]
[ECO "A45"]
[WhiteElo "2163"]
[BlackElo "2212"]
[Annotator "ChessBase"]
[PlyCount "69"]
[EventDate "2019.01.17"]
[EventType "tourn"]
[EventCountry "CZE"]
[SourceTitle "playchess.com"]
[Source "ChessBase"]
[SourceQuality "1"]
[TimeControl "40/5400+30:1800+30"]

1. d4 Nf6 2. Bg5 e6 3. e4 h6 4. Bxf6 Qxf6 5. c3 d5 6. Nd2 c5 7. dxc5 Bxc5 8. Ngf3 Nc6 9. exd5 exd5 10. Bd3 O-O 11. O-O Bg4 12. Qa4 Bxf3 13. Nxf3 d4 14. c4 Rfe8 15. a3 a5 16. Rfe1 b6 17. Re4 Rxe4 18. Bxe4 Rc8 19. Bd3 Ne5 20. Nxe5 Qxe5 21. b4 Bd6 22. g3 Qe8 23. Qxe8+ Rxe8 24. c5 bxc5 25. bxa5 Rc8 26. Bc4 Rb8 27. a6 Bc7 28. Kg2 Kf8 29. Kf3 Ke7 30. Ke4 Kd6 31. Bxf7 Rf8 32. Bc4 Rxf2 33. Rf1 Rxf1 34. Bxf1 Kc6 35. a4 1/2-1/2

[Event "Marienbad Open-B1 2019"]
[Site "Marianske Lazne"]
[Date "2019.01.21"]
[Round "3"]
[White "Florstedt, Johannes"]
[Black "Jasny, Stanislav"]
[Result "1/2-1/2"]
[ECO "B56"]
[WhiteElo "2320"]
[BlackElo "2365"]
[Annotator "NA"]
[PlyCount "71"]
[EventDate "2019.01.17"]
[EventType "tourn"]
[EventCountry "CZE"]
[SourceTitle "playchess.com"]
[Source "ChessBase"]
[SourceQuality "1"]
[TimeControl "40/5400+30:1800+30"]

1. e4 c5 2. Nf3 d6 3. d4 cxd4 4. Nxd4 Nf6 5. Nc3 Nc6 6. f3 e6 7. Be3 Be7 8. Qd2 O-O 9. O-O-O a6 10. g4 Nd7 {[%emt 0:02:47] LiveBook: 278 Games} 11. h4 Nxd4 12. Bxd4 b5 13. g5 Qc7 {[%emt 0:01:15] B80: Sicilian Scheveningen: 6 g3 and 6 Be3, including English Attack} (13... b4 14. Ne2 a5 15. f4 Bb7 16. Ng3 Qc7 17. Kb1 a4 18. Qxb4 Rfc8 19. Bd3 Nc5 20. Qd2 d5 21. e5 Ne4 22. Bxe4 dxe4 {1-0 (59) Anand,V (2786)-Andreikin,D (2713) Moscow 2013}) 14. a3 Ne5 15. Qg2 Nc6 16. Be3 $146 ({Predecessor:} 16. Bf6 b4 17. axb4 Nxb4 18. Rd4 Rb8 19. Qg3 Rd8 20. Rh2 {1-0 (42) Milov,L (2482)-Schramm,C (2325) Bad Homburg 2007}) 16... b4 17. axb4 Nxb4 18. h5 Rb8 19. f4 f5 (19... d5 $5) 20. h6 g6 21. Qd2 fxe4 22. Qd4 Rf7 23. Qxe4 (23. f5 $17 {was called for.} Nc6 24. Qxe4) 23... Bb7 24. Qxb4 Bxh1 25. Qd4 Bb7 26. Bc4 d5 27. Bb3 Bc6 28. Bd2 Ba8 29. Re1 (29. Qe3 $17) 29... Bc5 30. Qd3 Qd6 31. Ne2 Bb4 32. c3 Bc5 33. Bc2 Qb6 34. b4 Bf2 35. Rf1 Qa7 36. Qh3 $19 1/2-1/2

[Event "Marienbad Open-B1 2019"]
[Site "Marianske Lazne"]
[Date "2019.01.21"]
[Round "3"]
[White "Mica, Marek"]
[Black "Sernecki, Franciszek"]
[Result "1/2-1/2"]
[ECO "D38"]
[WhiteElo "2212"]
[BlackElo "2278"]
[Annotator "NA"]
[PlyCount "120"]
[EventDate "2019.01.17"]
[EventType "tourn"]
[EventCountry "CZE"]
[SourceTitle "playchess.com"]
[Source "ChessBase"]
[SourceQuality "1"]
[TimeControl "40/5400+30:1800+30"]

1. d4 Nf6 2. c4 e6 3. Nf3 d5 4. Nc3 Bb4 5. Qa4+ Nc6 6. e3 O-O 7. Bd2 {[%emt 0:01:17] LiveBook: 386 Games} dxc4 {[%emt 0:10:05] D38: Queen's Gambit Declined: Ragozin Defence (4 Nf3 Bb4)} 8. Bxc4 Bd6 9. Qc2 (9. e4 e5 10. dxe5 Nxe5 11. Nxe5 Bxe5 12. O-O-O Qe8 13. Qxe8 Rxe8 14. f3 Be6 15. Bxe6 Rxe6 {½-½ (67) Navara,D (2727)-Harikrishna,P (2732) Prague 2018}) 9... e5 10. d5 Ne7 11. e4 $146 ({Predecessor:} 11. O-O a6 12. a3 h6 13. h3 b5 14. Ba2 Bb7 15. e4 {1-0 (39) Georgiev,K (2625)-Parligras,M (2572) Skopje 2014}) 11... Bg4 12. Qd3 c6 13. h3 Bxf3 14. Qxf3 b5 15. Bb3 b4 16. Ne2 cxd5 17. Bxd5 Nexd5 18. exd5 Be7 19. Ng3 Qxd5 20. Nf5 Bc5 21. Qxd5 Nxd5 22. Rc1 Rac8 23. Ke2 Rfd8 24. Rhd1 Bf8 25. Rxc8 Rxc8 26. Bg5 Nb6 27. Ne7+ $1 Bxe7 $1 28. Bxe7 Rc2+ 29. Kf3 f6 30. Bxb4 Rxb2 31. a3 Kf7 32. Rd8 $1 Rb3+ 33. Ke4 Rb2 34. Kf3 Rc2 35. h4 Rc8 36. Rd6 Rc7 37. Ba5 Ke7 38. Bb4 Kf7 39. Ba5 Rd7 40. Rc6 Nd5 41. Ke4 Ne7 42. Ra6 Rd4+ 43. Kf3 Rf4+ 44. Ke2 Rxh4 45. Bb4 Nf5 46. Rxa7+ Ke6 47. g3 Rh1 48. Kf3 Rd1 49. g4 Nh4+ 50. Kg3 Rd3+ 51. Kh2 (51. Kxh4 $2 {gets mated.} g5+ 52. Kh5 Rh3#) 51... Rd7 $11 52. Rxd7 Kxd7 53. Bf8 g5 54. a4 Nf3+ 55. Kg2 e4 56. a5 Kc6 57. Be7 Ne5 58. Bxf6 Nxg4 59. Bxg5 Kb5 60. Kg3 Nxf2 1/2-1/2

[Event "Marienbad Open-B1 2019"]
[Site "Marianske Lazne"]
[Date "2019.01.21"]
[Round "3"]
[White "Patil, Mitali"]
[Black "Voinikonis, Nikita"]
[Result "1-0"]
[ECO "B06"]
[WhiteElo "2062"]
[BlackElo "2163"]
[Annotator "NA"]
[PlyCount "63"]
[EventDate "2019.01.17"]
[EventType "tourn"]
[EventCountry "CZE"]
[SourceTitle "playchess.com"]
[Source "ChessBase"]
[SourceQuality "1"]
[TimeControl "40/5400+30:1800+30"]

1. e4 g6 2. d4 Bg7 3. Nc3 d6 4. f4 e6 5. Nf3 Ne7 6. Be3 b6 {[%emt 0:00:08] B06: Modern Defence} (6... a6 7. Bd3 b5 8. O-O O-O 9. Qd2 Nd7 10. f5 exf5 11. exf5 Nxf5 12. Bxf5 gxf5 13. Bg5 Nf6 14. Rae1 c6 {½-½ (50) Kacharava,N (2362)-Paravyan,D (2613) Batumi 2018}) 7. Qd2 d5 8. e5 Qd7 $146 ({Predecessor:} 8... Nd7 9. O-O-O a6 10. Be2 b5 11. g4 Nb6 12. b3 Nc6 13. h4 Qe7 14. Nb1 {½-½ (73) Treffert,P (2295)-Reich,T (2440) Germany 2006}) 9. Rg1 Ba6 10. O-O-O Bxf1 11. Rdxf1 Nbc6 12. g4 Na5 13. Bf2 Nc4 14. Qd3 Bh6 15. Ng5 c5 16. h4 cxd4 17. Bxd4 Nc6 18. Kb1 O-O-O 19. Rh1 Qe7 20. a3 Bg7 21. Nb5 Nxd4 22. Nxd4 Kb7 23. Re1 h5 24. b3 $11 Nxa3+ 25. Kb2 hxg4 26. Ra1 Bf8 27. Ra2 b5 28. Nxb5 Nxb5 29. Qxb5+ Ka8 30. Rxa7+ Qxa7 31. Ra1 Be7 32. Qc6+ 1-0

[Event "Marienbad Open-B1 2019"]
[Site "Marianske Lazne"]
[Date "2019.01.22"]
[Round "4"]
[White "Gorbatov, Alexej"]
[Black "Baum, Jonasz"]
[Result "1/2-1/2"]
[ECO "B26"]
[WhiteElo "2389"]
[BlackElo "2302"]
[Annotator "NA"]
[PlyCount "84"]
[EventDate "2019.01.17"]
[EventType "tourn"]
[EventCountry "CZE"]
[SourceTitle "playchess.com"]
[Source "ChessBase"]
[SourceQuality "1"]
[TimeControl "40/5400+30:1800+30"]

1. e4 c5 2. Nc3 Nc6 3. g3 g6 4. Bg2 Bg7 5. d3 d6 6. Be3 Nf6 7. h3 Nd4 8. Nge2 e5 9. O-O O-O 10. f4 b5 {[%emt 0:04:07] B26: Closed Sicilian: 3 g3, lines with early Be3} 11. a3 Bb7 (11... Rb8 12. b4 Nh5 13. bxc5 dxc5 14. g4 Nxf4 15. Nxf4 exf4 16. Bxf4 Rb7 17. Nd5 Ne6 18. Be3 {1-0 (53) Lin,C (2472)-Yu,L (2372) China 2013}) 12. g4 $146 ({Predecessor:} 12. fxe5 dxe5 13. b4 a6 14. bxc5 Nd7 15. a4 b4 16. Nd5 Bxd5 17. exd5 Nxc5 {0-1 (47) James,M (1548)-Mer,A (1474) IECG email 2006}) 12... Nxe2+ 13. Nxe2 exf4 14. Nxf4 Re8 15. Bf2 Qc7 16. Bg3 Rad8 17. Kh2 Qc8 18. Qd2 h6 19. Rf2 d5 20. Nxd5 Nxd5 21. exd5 Bxd5 22. Bxd5 Rxd5 23. Raf1 Re7 24. b3 Qd7 25. Re2 Rxe2+ 26. Qxe2 c4 27. bxc4 bxc4 28. Rf3 cxd3 29. Rxd3 Rxd3 30. Qxd3 Qxd3 31. cxd3 Bb2 32. a4 Kg7 33. Bf4 g5 34. Be3 a6 35. Kg3 Kg6 36. Kf3 f5 37. Bc5 h5 38. Be3 $11 Be5 39. Bd2 Bd4 40. Bc1 Bb6 41. Bd2 Bd8 42. Be3 Bc7 {[%emt 0:02:43] Ke4} 1/2-1/2

[Event "Marienbad Open-B1 2019"]
[Site "Marianske Lazne"]
[Date "2019.01.22"]
[Round "4"]
[White "Jasny, Stanislav"]
[Black "Kornitzky, Tino"]
[Result "1-0"]
[ECO "D35"]
[WhiteElo "2365"]
[BlackElo "2133"]
[Annotator "NA"]
[PlyCount "119"]
[EventDate "2019.01.17"]
[EventType "tourn"]
[EventCountry "CZE"]
[SourceTitle "playchess.com"]
[Source "ChessBase"]
[SourceQuality "1"]
[TimeControl "40/5400+30:1800+30"]

1. d4 Nf6 2. c4 e6 3. Nf3 d5 4. Nc3 Nbd7 5. Bg5 c6 6. cxd5 exd5 7. e3 Be7 8. Bd3 Nh5 9. Bxe7 Qxe7 10. O-O g6 {[%emt 0:00:51] D35: Queen's Gambit Declined: Exchange Variation} 11. Qb1 O-O 12. b4 a6 13. a4 Nb6 14. b5 cxb5 $146 {[%emt 0:09:43] [#]} ({Predecessor:} 14... axb5 15. axb5 Rxa1 16. Qxa1 c5 17. dxc5 Qxc5 18. Rc1 Bg4 {½-½ (55) Milov,V (2614)-Borgo,G (2428) Bratto 2001}) 15. a5 $1 b4 16. Na2 Nd7 17. Qxb4 Qxb4 18. Nxb4 Ndf6 19. Rfc1 Ng7 20. h3 Ne6 21. Ne5 Rd8 22. f3 Bd7 23. Ng4 Nxg4 24. hxg4 Be8 25. Kf2 Rd6 26. Ra3 Kg7 27. Rac3 Rad8 28. Rc8 Bc6 29. Rxd8 Nxd8 30. Rb1 Bd7 31. Rc1 Nc6 32. Nxc6 Bxc6 33. Ke2 h6 34. Kd2 Re6 35. Rc5 Rd6 36. Rc1 Re6 37. Rb1 Kf6 38. Be2 Rd6 39. Rc1 Re6 40. Rc5 Rd6 41. Bd1 Ke7 42. Bb3 f5 43. gxf5 gxf5 44. Ke2 Kf6 45. Kf2 Rd7 46. Bd1 Ke6 47. Be2 Kd6 48. Rc1 Rf7 49. Rh1 Rf6 50. Bd3 Kc7 51. Ra1 Rf7 52. Ra2 (52. Rc1 $142) 52... Kd6 {[%emt 0:03:21] [#]} (52... f4 $16) 53. Kg3 $1 Rf6 54. Kf4 Ke6 55. Rc2 Rf8 56. Rb2 $18 Rf6 57. Rb6 Rf7 58. Bxa6 Kd6 59. Bd3 Ke6 60. a6 1-0

[Event "Marienbad Open-B1 2019"]
[Site "Marianske Lazne"]
[Date "2019.01.22"]
[Round "4"]
[White "Mica, Marek"]
[Black "Patil, Mitali"]
[Result "1-0"]
[ECO "D36"]
[WhiteElo "2212"]
[BlackElo "2062"]
[Annotator "NA"]
[PlyCount "95"]
[EventDate "2019.01.17"]
[EventType "tourn"]
[EventCountry "CZE"]
[SourceTitle "playchess.com"]
[Source "ChessBase"]
[SourceQuality "1"]
[TimeControl "40/5400+30:1800+30"]

1. d4 d5 2. c4 e6 3. Nc3 Nf6 4. cxd5 exd5 5. Bg5 c6 6. e3 Be7 7. Qc2 Nbd7 8. Bd3 h6 9. Bh4 Nh5 10. Bxe7 {[%emt 0:01:27] D36: Queen's Gambit Declined: Exchange Variation: Main line (5 Bg5 c6 6 Qc2)} Qxe7 11. Nf3 (11. O-O-O Nb6 12. Nf3 Nf6 13. Kb1 Be6 14. Ka1 O-O-O 15. Na4 Kb8 16. Rc1 Rhe8 17. Nc5 Bc8 {1-0 (50) Nepomniachtchi,I (2757)-Nisipeanu,L (2672) Dortmund 2018}) 11... Nf4 12. O-O Nxd3 {[%emt 0:00:19] Q} 13. Qxd3 Nf6 14. Ne5 Ng4 15. Nxg4 Bxg4 16. Rab1 O-O 17. b4 a6 18. a4 Rfe8 19. Rb2 $146 Qg5 20. Kh1 Re6 21. Rg1 Rae8 22. b5 axb5 23. axb5 f5 24. bxc6 bxc6 25. Qd2 Rg6 26. Qc1 Qf6 27. f3 Bh5 28. Ne2 Rg5 29. Nf4 Bf7 30. Nd3 Rh5 31. g3 g5 32. f4 gxf4 33. gxf4+ Kh8 34. Ne5 Rh3 35. Qd2 Bh5 36. Rg3 Rxg3 37. hxg3 c5 38. dxc5 Qa6 39. Qd4 Kg8 40. Qxd5+ Kh8 41. Qd4 Qf1+ 42. Kh2 Kg8 43. Qd5+ Kh8 44. Qd6 Kg7 45. Rb7+ Kg8 46. Qd5+ Kh8 47. Ng6+ Bxg6 48. Qd4+ 1-0

[Event "Marienbad Open-B1 2019"]
[Site "Marianske Lazne"]
[Date "2019.01.22"]
[Round "4"]
[White "Voinikonis, Nikita"]
[Black "Florstedt, Johannes"]
[Result "0-1"]
[ECO "B90"]
[WhiteElo "2163"]
[BlackElo "2320"]
[Annotator "NA"]
[PlyCount "96"]
[EventDate "2019.01.17"]
[EventType "tourn"]
[EventCountry "CZE"]
[SourceTitle "playchess.com"]
[Source "ChessBase"]
[SourceQuality "1"]
[TimeControl "40/5400+30:1800+30"]

1. e4 c5 2. Nf3 d6 3. d4 cxd4 4. Nxd4 Nf6 5. Nc3 a6 6. h3 e5 7. Nb3 Be6 {[%emt 0:04:22] B90: Sicilian Najdorf: Unusual White 6th moves, 6 Be3 Ng4 and 6 Be3 e5} 8. f4 g6 (8... exf4 9. Bxf4 Nc6 10. Qe2 Be7 11. O-O-O Qc7 12. g4 O-O 13. g5 Nd7 14. Nd5 Bxd5 15. exd5 {1-0 (36) Safarli,E (2667)-Papaioannou,I (2647) Rio Achaea 2018}) 9. Be2 Nh5 10. Bxh5 Qh4+ 11. Kf1 gxh5 12. f5 Bc4+ 13. Kg1 Rg8 14. Na5 $146 ({Predecessor:} 14. Qf3 Nc6 15. Be3 {1-0 (57) Buessing,O (2461)-Kazoks,A (2341) ICCF email 2016}) 14... d5 15. Nxc4 dxc4 16. Be3 Nc6 17. Qe2 Nd4 18. Bxd4 exd4 19. Nd5 Rc8 20. Qxh5 Qxh5 21. Nf6+ Ke7 22. Nxh5 Bh6 23. Kf2 c3 24. Rab1 b5 25. g4 cxb2 26. Rxb2 Rc3 27. e5 Rgc8 28. Nf6 Be3+ 29. Ke2 Rxc2+ 30. Rxc2 Rxc2+ 31. Kd3 Rxa2 32. Nxh7 b4 33. Kc4 a5 34. Nf6 Rc2+ 35. Kb5 b3 36. Rb1 b2 37. Kxa5 Rc5+ 38. Kb4 Rxe5 39. Ng8+ Kf8 40. Nf6 Ke7 41. Ng8+ $19 Kd6 42. Kc4 Rc5+ 43. Kb3 Bc1 44. Nf6 Rc3+ 45. Kb4 Ke5 46. g5 Rxh3 47. Nd7+ Kxf5 48. Kc4 d3 0-1

[Event "Marienbad Open-B1 2019"]
[Site "Marianske Lazne"]
[Date "2019.01.22"]
[Round "5"]
[White "Nagy, Gabor"]
[Black "Gorbatov, Alexej"]
[Result "1-0"]
[ECO "A06"]
[WhiteElo "2479"]
[BlackElo "2389"]
[Annotator "ChessBase"]
[PlyCount "79"]
[EventDate "2019.01.17"]
[EventType "tourn"]
[EventCountry "CZE"]
[SourceTitle "playchess.com"]
[Source "ChessBase"]
[SourceQuality "1"]
[TimeControl "40/5400+30:1800+30"]

1. Nf3 d5 2. c4 e6 3. d4 a6 4. cxd5 exd5 5. Nc3 Be7 6. Bf4 Nf6 7. Qc2 Nc6 8. e3 O-O 9. a3 Re8 10. Bd3 h6 11. h3 Bd6 12. O-O Bxf4 13. exf4 Qd6 14. Ne2 Bd7 15. Ne5 Re7 16. Rac1 Be8 17. Rfd1 g6 18. f3 Kg7 19. Qb3 Na5 20. Qc3 Nc6 21. f5 g5 22. h4 Nxd4 23. Nxd4 Qxe5 24. Ne6+ Rxe6 25. fxe6 Qe3+ 26. Kf1 gxh4 27. Re1 Qg5 28. Re5 Qf4 29. Rf5 d4 30. Qxc7 Qe3 31. Rd1 Qxe6 32. Qf4 Rd8 33. Qxh4 Bb5 34. Qg3+ Kf8 35. Qe5 Qb3 36. Qxf6 Qxd1+ 37. Kf2 Qd2+ 38. Kg3 Rd7 39. Bxb5 axb5 40. Re5 1-0

[Event "Marienbad Open-B1 2019"]
[Site "Marianske Lazne"]
[Date "2019.01.22"]
[Round "5"]
[White "Florstedt, Johannes"]
[Black "Mica, Marek"]
[Result "1/2-1/2"]
[ECO "B12"]
[WhiteElo "2320"]
[BlackElo "2212"]
[Annotator "NA"]
[PlyCount "83"]
[EventDate "2019.01.17"]
[EventType "tourn"]
[EventCountry "CZE"]
[SourceTitle "playchess.com"]
[Source "ChessBase"]
[SourceQuality "1"]
[TimeControl "40/5400+30:1800+30"]

1. e4 c6 2. d4 d5 3. e5 Bf5 4. h4 h5 5. Bd3 Bxd3 6. Qxd3 e6 7. Bg5 Be7 8. Nf3 Nh6 9. Nc3 Nf5 10. Ne2 Qa5+ 11. c3 Qa6 12. Qd2 Nd7 13. Bxe7 Kxe7 14. O-O c5 15. Ng3 Nxg3 16. Qg5+ Kf8 17. fxg3 Rh6 18. Rf2 f5 19. exf6 Nxf6 20. Qf4 Kg8 21. Ng5 Qc6 22. Re1 Re8 23. dxc5 Qxc5 24. Rxe6 Rf8 25. Re5 Nh7 26. Rf5 Rhf6 27. Rxf6 Rxf6 28. Qd2 Nxg5 29. hxg5 Rxf2 30. Qxf2 Qxf2+ 31. Kxf2 Kf7 32. Kf3 g6 33. g4 h4 34. Ke3 Ke6 35. Kd4 Kd6 36. b3 Ke6 37. a4 Kd6 38. a5 b6 39. a6 Ke6 40. Kd3 Kd6 41. Kd4 Ke6 {[%emt 0:30:30] Ke4} 42. Kd3 1/2-1/2

[Event "Marienbad Open-B1 2019"]
[Site "Marianske Lazne"]
[Date "2019.01.22"]
[Round "5"]
[White "Baum, Jonasz"]
[Black "Jasny, Stanislav"]
[Result "0-1"]
[ECO "A40"]
[WhiteElo "2302"]
[BlackElo "2365"]
[Annotator "NA"]
[PlyCount "82"]
[EventDate "2019.01.17"]
[EventType "tourn"]
[EventCountry "CZE"]
[SourceTitle "playchess.com"]
[Source "ChessBase"]
[SourceQuality "1"]
[TimeControl "40/5400+30:1800+30"]

1. d4 Nf6 2. c4 e6 3. g3 d5 4. Nf3 Bb4+ 5. Nbd2 O-O 6. Bg2 b6 7. O-O Bb7 8. cxd5 exd5 9. a3 Bd6 10. b4 Nbd7 11. Bb2 Re8 12. Re1 Ne4 13. Qc2 Ndf6 14. Ne5 c5 15. Nxe4 Nxe4 16. bxc5 bxc5 17. e3 Qc7 18. Rac1 Nf6 19. f4 c4 20. Qa4 Qe7 21. Rb1 Bc8 22. Nxc4 Bd7 23. Qc2 Rac8 24. e4 Rxc4 25. Qd3 Ba4 26. e5 Bc2 27. Qf1 Bxb1 28. Rxb1 Bxa3 29. Bxa3 Qxa3 30. exf6 Qe3+ 31. Kh1 Rec8 32. Re1 Qxe1 33. Qxe1 Rc1 34. Qg1 Rxg1+ 35. Kxg1 Rc4 36. Bxd5 Rxd4 37. Bb3 Rb4 38. Bd5 a5 39. fxg7 a4 40. Kf2 a3 41. f5 Kxg7 0-1

[Event "Marienbad Open-B1 2019"]
[Site "Marianske Lazne"]
[Date "2019.01.22"]
[Round "5"]
[White "Kornitzky, Tino"]
[Black "Voinikonis, Nikita"]
[Result "0-1"]
[ECO "D85"]
[WhiteElo "2133"]
[BlackElo "2163"]
[Annotator "NA"]
[PlyCount "92"]
[EventDate "2019.01.17"]
[EventType "tourn"]
[EventCountry "CZE"]
[SourceTitle "playchess.com"]
[Source "ChessBase"]
[SourceQuality "1"]
[TimeControl "40/5400+30:1800+30"]

1. d4 Nf6 2. c4 g6 3. Nc3 d5 4. cxd5 Nxd5 5. e4 Nxc3 6. bxc3 Bg7 7. Nf3 c5 8. Be3 Qa5 9. Nd2 cxd4 10. Nc4 Qd8 11. cxd4 O-O 12. Rc1 f5 13. exf5 gxf5 14. Ne5 Be6 15. f4 Bxa2 16. Bd3 Bd5 17. O-O Nc6 18. Qh5 Qe8 19. Qh3 e6 20. Rc5 Rd8 21. Rb1 Nxe5 22. fxe5 Qg6 23. Rbc1 Bc6 24. Ra1 a6 25. Rf1 Rd5 26. Rc3 Ra5 27. Bf4 Ra2 28. Bc2 Qg4 29. Qxg4 fxg4 30. g3 Rc8 31. Rc1 Rd8 32. Bb3 Rg2+ 33. Kf1 Rxh2 34. Bxe6+ Kf8 35. Be3 Bh6 36. Bxh6+ Rxh6 37. Bxg4 Rh1+ 38. Kf2 Rxc1 39. Rxc1 Rxd4 40. Bf5 h6 41. g4 a5 42. Ke3 Rd5 43. Kf4 a4 44. Be6 Rd4+ 45. Kf5 Ke7 46. Re1 Be4+ 0-1

[Event "Marienbad Open-B1 2019"]
[Site "Marianske Lazne"]
[Date "2019.01.22"]
[Round "5"]
[White "Patil, Mitali"]
[Black "Sernecki, Franciszek"]
[Result "1/2-1/2"]
[ECO "B07"]
[WhiteElo "2062"]
[BlackElo "2278"]
[Annotator "NA"]
[PlyCount "105"]
[EventDate "2019.01.17"]
[EventType "tourn"]
[EventCountry "CZE"]
[SourceTitle "playchess.com"]
[Source "ChessBase"]
[SourceQuality "1"]
[TimeControl "40/5400+30:1800+30"]

1. e4 d6 2. d4 Nf6 3. Nc3 c6 4. f4 Qa5 5. Bd3 e5 6. Nf3 Nbd7 7. O-O Be7 8. Kh1 O-O 9. Qe1 Qc7 10. Ne2 d5 11. fxe5 dxe4 12. exf6 Nxf6 13. Bc4 exf3 14. Rxf3 Bg4 15. Bf4 Bd6 16. Qg3 Rad8 17. Bxd6 Qxd6 18. Qxd6 Rxd6 19. Rf4 c5 20. dxc5 Rd2 21. Ng3 Rxc2 22. b4 Be6 23. Bxe6 fxe6 24. Re1 Rxa2 25. Rxe6 Nd5 26. Rxf8+ Kxf8 27. h3 Rxg2 28. Nf5 Rg6 29. Re4 b6 30. Re5 Nc7 31. Nd6 bxc5 32. Rxc5 Na6 33. Rf5+ Kg8 34. Nc8 Rf6 35. Rxf6 gxf6 36. b5 Nb8 37. Nxa7 Kf7 38. Kg2 Ke6 39. Kf3 Kd6 40. Kf4 Kc7 41. Kf5 Kb7 42. Kxf6 Kxa7 43. Kg7 Nd7 44. Kxh7 Ne5 45. h4 Nf3 46. h5 Ne5 47. Kg7 Ng4 48. Kg6 Kb6 49. Kg5 Ne5 50. Kf5 Nf7 51. Kf6 Nh6 52. Kg6 Ng4 53. Kf5 1/2-1/2

[Event "Marienbad Open-B1 2019"]
[Site "Marianske Lazne"]
[Date "2019.01.23"]
[Round "6"]
[White "Sernecki, Franciszek"]
[Black "Gorbatov, Alexej"]
[Result "1/2-1/2"]
[ECO "C15"]
[WhiteElo "2278"]
[BlackElo "2389"]
[Annotator "NA"]
[PlyCount "93"]
[EventDate "2019.01.17"]
[EventType "tourn"]
[EventCountry "CZE"]
[SourceTitle "playchess.com"]
[Source "ChessBase"]
[SourceQuality "1"]
[TimeControl "40/5400+30:1800+30"]

1. d4 e6 2. e4 d5 3. Nc3 Bb4 4. Nge2 Ne7 5. a3 Ba5 6. b4 Bb6 7. Bb2 a5 8. g3 axb4 9. axb4 Rxa1 10. Qxa1 Nbc6 11. Qa4 Bd7 12. b5 Na7 13. Bg2 c6 14. Qb3 Nxb5 15. Nxb5 cxb5 16. exd5 Nxd5 17. Ba3 Bc6 18. O-O Qd7 19. Rb1 Bc7 20. Nc3 Nxc3 21. Qxc3 Bxg2 22. Kxg2 Qc6+ 23. Qf3 Qxf3+ 24. Kxf3 Kd7 25. Rxb5 Ra8 26. Rb3 b5 27. Ke4 Ra4 28. Bf8 e5 29. c3 g6 30. Rxb5 f5+ 31. Ke3 exd4+ 32. cxd4 Kc6 33. Rc5+ Kd7 34. Rc3 Ba5 35. Rb3 Kc6 36. Bc5 Bc7 37. h3 h5 38. g4 fxg4 39. hxg4 hxg4 40. Rb2 Kd5 41. Rb7 Kc6 42. Rb1 Kd5 43. Rg1 g3 44. fxg3 Ra2 45. Kf3 Rd2 46. Kg4 Rd3 47. Kg5 {[%emt 0:00:00] Ke5} 1/2-1/2

[Event "Marienbad Open-B1 2019"]
[Site "Marianske Lazne"]
[Date "2019.01.23"]
[Round "6"]
[White "Mica, Marek"]
[Black "Kornitzky, Tino"]
[Result "1-0"]
[ECO "D35"]
[WhiteElo "2212"]
[BlackElo "2133"]
[Annotator "NA"]
[PlyCount "85"]
[EventDate "2019.01.17"]
[EventType "tourn"]
[EventCountry "CZE"]
[SourceTitle "playchess.com"]
[Source "ChessBase"]
[SourceQuality "1"]
[TimeControl "40/5400+30:1800+30"]

1. d4 Nf6 2. c4 e6 3. Nf3 d5 4. Nc3 Nbd7 5. Bg5 c6 6. cxd5 exd5 7. e3 Be7 8. Bd3 Nh5 9. Bxe7 Qxe7 10. O-O O-O 11. Qb1 Nhf6 12. b4 a6 13. a4 Re8 14. Rc1 g6 15. Qb2 Qd6 16. h3 Kg7 17. Nd2 h6 18. Be2 Kg8 19. Bf3 Nf8 20. b5 Ne6 21. bxc6 bxc6 22. Qa3 Qd8 23. Na2 Bb7 24. Nb4 Rc8 25. Nd3 Ng5 26. Nc5 Ba8 27. a5 Nfe4 28. Ncxe4 Nxe4 29. Bxe4 dxe4 30. Nb3 Qh4 31. Nc5 Red8 32. Nxa6 Rd5 33. Rc5 Rf5 34. Rxf5 gxf5 35. Qc5 Qg5 36. Qe5 Kh7 37. Qg3 Qf6 38. Nc5 Rg8 39. Qf4 Qg6 40. g3 Qh5 41. Kg2 Qg6 42. a6 Rd8 43. Rb1 1-0